 Dungeon Crawl Stone Soup version 0.27-a0-1287-gca74d27db6 (webtiles) character file.

Game seed: 11649606160648206642

4729 AnungUnRama666 the Cruncher (level 10, -8/80 (82) HPs)
             Began as a Palentonga Fighter on June 10, 2021.
             Killed from afar by a steam dragon (12 damage)
             ... with a ball of steam
             ... on level 8 of the Dungeon on June 14, 2021.
             The game lasted 00:49:36 (10187 turns).

AnungUnRama666 the Cruncher (Palentonga Fighter)   Turns: 10187, Time: 00:49:37

HP:   -8/80 (82)    AC: 22    Str: 24      XL:     10   Next: 22%
MP:   10/10         EV:  8    Int:  7 (8)  God:
Gold: 236           SH:  5    Dex:  6 (7)  Spells: 7/10 levels left

rFire    . . .     SeeInvis +   p - +3 quarterstaff (chaos)
rCold    + . .     Faith    .   (shield currently unavailable)
rNeg     . . .     Spirit   .   h - +4 scale mail {rC+}
rPois    +         Reflect  +   w - +0 helmet
rElec    .         Harm     .   q - +1 cloak {rPois}
rCorr    .         Rampage  .   (no gloves)
Will     .....                  (no barding)
Stlth    ..........             E - amulet of reflection
HPRegen  0.23/turn              j - ring of wizardry
MPRegen  0.12/turn              g - ring of see invisible

@: lightly drained, curled up
A: large, rugged brown scales 3, see invisible, deformed body, roll 1, armoured
tail, reflexive curl, clumsy 1, deterioration 1, poison resistance
a: Rolling Charge


You were on level 8 of the Dungeon.
You visited 1 branch of the dungeon, and saw 8 of its levels.

You collected 302 gold pieces.
You spent 66 gold pieces at shops.

Inventory:

Hand Weapons
 a - a +0 falchion
 o - a +4 long sword
 p - a +3 quarterstaff of chaos (weapon)
 r - a +2 hand axe of venom
 x - a +3 spear of venom
 C - the +1 quarterstaff of Checks and Balances {drain, Fragile rPois Will+++ Int-2}
   (You found it on level 7 of the Dungeon)

   A truly terrible weapon, it drains the life of those it strikes.
   It affects your intelligence (-2).
   It protects you from poison.
   It will be destroyed if unequipped.
   It greatly increases your willpower.
Missiles
 y - 2 throwing nets
Armour
 c - a +0 kite shield
 h - a +4 scale mail of cold resistance (worn)
 q - a +1 cloak of poison resistance (worn)
 w - a +0 helmet (worn)
 F - +0 acid dragon scales
Jewellery
 g - a ring of see invisible (right hand)
 j - a ring of wizardry (left hand)
 E - an amulet of reflection (around neck)
Wands
 G - a wand of flame (11)
Scrolls
 f - a scroll of fear
 k - a scroll of amnesia
 s - 2 scrolls of fog
 t - a scroll of summoning {unknown}
 v - a scroll of immolation {unknown}
 B - a scroll of noise
Potions
 b - 3 potions of magic
 i - a potion of mutation
 l - 2 potions of brilliance
 m - a potion of flight
 n - a potion of attraction {unknown}
 u - a potion of lignification {unknown}
 z - a potion of heal wounds {unknown}


   Skills:
 + Level 6.6 Fighting
 + Level 3.2 Short Blades
 + Level 9.0 Staves
 + Level 7.1 Armour
 + Level 3.6 Dodging
 - Level 0.2 Stealth
 + Level 3.9 Shields
 + Level 0.6 Spellcasting
 + Level 0.3 Transmutations
 + Level 0.5 Earth Magic


You had 7 spell levels left.
You knew the following spells:

 Your Spells              Type           Power      Damage    Failure   Level
a - Magic Dart            Conj           0%         1d3       36%         1
b - Passwall              Tmut/Erth      0%         N/A       43%         2

Your spell library contained the following spells:

 Spells                   Type           Power      Damage    Failure   Level
 Sandblast                Erth           2%         2d4       30%         1
 Corona                   Hex            0%         N/A       36%         1
 Blink                    Tloc           N/A        N/A       50%         2
 Call Imp                 Summ           0%         N/A       50%         2
 Ensorcelled Hibernation  Hex/Ice        0%         N/A       50%         2
 Slow                     Hex            0%         N/A       50%         2
 Stone Arrow              Conj/Erth      0%         3d7       67%         3
 Ignite Poison            Fire/Tmut/Pois 0%         N/A       69%         3
 Confusing Touch          Hex            0%         N/A       71%         3
 Conjure Flame            Conj/Fire      0%         6-21      71%         3
 Dazzling Flash           Conj/Hex       0%         N/A       71%         3
 Gell's Gravitas          Tloc           0%         N/A       71%         3
 Mephitic Cloud           Conj/Pois/Air  0%         N/A       71%         3
 Teleport Other           Tloc           0%         N/A       71%         3
 Tukima's Dance           Hex            0%         N/A       71%         3
 Petrify                  Tmut/Erth      0%         N/A       95%         4
 Cause Fear               Hex            0%         N/A       98%         4
 Iskenderun's Mystic Bla  Conj/Tloc      0%         2d3       98%         4
 Passage of Golubria      Tloc           N/A        N/A       98%         4
 Lee's Rapid Deconstruct  Erth           0%         3d5*      100%        5
 Silence                  Hex/Air        0%         N/A       100%        5
 Yara's Violent Unravell  Hex/Tmut       0%         3d3       100%        5
 Discord                  Hex            0%         N/A       100%        8


Dungeon Overview and Level Annotations

Branches:
Dungeon (8/15)             Temple (0/1) D:6
   Lair: D:8-11

Altars:
Wu Jian

Shops:
D:4 :=[?!

Annotations:
D:8 sn0wgr3's ghost, novice GrFi


Innate Abilities, Weirdness & Mutations

You are completely covered in rugged brown scales. (AC +3, +7% HP)
You have supernaturally acute eyesight. (SInv)
Armour fits poorly on your strangely shaped body.
You can roll at nearby foes to attack.
You have a long armoured tail.
You curl defensively after being hit.
You are clumsy. (Dex -2)
Your body sometimes deteriorates upon taking damage.
Your system is resistant to poisons. (rPois)


Message History

Aim: a wight, wielding a +0 morningstar and wearing a +0 robe (68% to hit)
The puff of flame hits the yak.
The yak is almost dead.
The bullfrog hits you.
* * * LOW HITPOINT WARNING * * *
The bullfrog completely misses you. The water moccasin closely misses you.
The yak gores you but does no damage. The bullfrog hits you.
* * * LOW HITPOINT WARNING * * *
You feel better. The bullfrog barely misses you.
The water moccasin bites you but does no damage.
You block the bullfrog's attack. The steam dragon barely misses you.
The steam dragon claws you but does no damage.
The yak gores you.
* * * LOW HITPOINT WARNING * * *
The bullfrog hits you.
* * * LOW HITPOINT WARNING * * *
The water moccasin bites you but does no damage.
Blink to where?
Press: ? - help, Dir - move target, p - wight
As you read the scroll of blinking, it crumbles to dust.
The steam dragon breathes steam at you. The ball of steam hits you.
* * * LOW HITPOINT WARNING * * *
You feel a bit more experienced. The steam dragon breathes steam at you.
The ball of steam hits you!
* * * LOW HITPOINT WARNING * * *
You are engulfed in a cloud of scalding steam.
* * * LOW HITPOINT WARNING * * *
The steam dragon breathes steam at you. The ball of steam hits you.
* * * LOW HITPOINT WARNING * * *
Found a stone staircase leading down.
Found a glowing quarterstaff.
As you read the scroll of identify, it crumbles to dust.
m - a potion of flight You are engulfed in a cloud of scalding steam.
The steam dragon breathes steam at you. The ball of steam hits you!
You die...

####.....##
###.# ##...#
##...## #.#
##.## ##+##
#D# #.# ##
#.# #.# ..
#.# #.#
####.#### #D#
........# #.#
. #.# #§# ...
#@# #§#
#..##§###§#
#.....D.D.#
..)>....#####
.....####
#####


You could see a steam dragon (catching breath).

Vanquished Creatures
  A two-headed ogre (D:7)
  A yaktaur (shapeshifter) (D:3)
  Prince Ribbit (D:6)
  2 wyverns
  A steam dragon (D:8)
  An acid dragon (D:8)
  3 water moccasins (D:6)
  A sky beast (D:7)
  A black bear (D:6)
  A hornet zombie (D:7)
  3 necrophages
  A centaur (D:8)
  2 ogres (D:6)
  3 phantoms
  A bullfrog (D:5)
  2 wyvern zombies (D:8)
  4 scorpions
  A water moccasin zombie (D:6)
  10 wights
  5 killer bees (D:8)
  A howler monkey (D:6)
  A centaur zombie (D:6)
  A hound (D:2)
  A centaur skeleton (D:6)
  A jelly (D:7)
  Crazy Yiuf (D:2)
  A gnoll shaman (D:7)
  An iguana (D:7)
  Terence (D:2)
  4 orc wizards
  The ghost of Sapher the Sneak, a weakling DDDe (D:5)
  2 howler monkey zombies
  10 gnolls
  A river rat (D:6)
  8 adders
  An adder skeleton (D:4)
  2 worms
  A dart slug (D:3)
  15 orcs
  8 bats
  8 endoplasms
  3 giant cockroaches (D:3)
  8 goblins
  3 hobgoblins
  3 jackals (D:3)
  11 kobolds
  5 quokkas
  13 ball pythons
  5 frilled lizards
  10 rats
176 creatures vanquished.

Vanquished Creatures (others)
  2 bullfrogs (D:8)
2 creatures vanquished.

Grand Total: 178 creatures vanquished

Notes
Turn   | Place    | Note
-------+----------+-------------------------------------------
     0 | D:1      | AnungUnRama666 the Palentonga Fighter began the quest for
                  | the Orb.
     0 | D:1      | Reached XP level 1. HP: 19/19 MP: 1/1
   230 | D:1      | Reached XP level 2. HP: 25/25 MP: 2/2
  1130 | D:2      | Reached XP level 3. HP: 28/31 MP: 3/3
  1239 | D:2      | Reached XP level 4. HP: 6/37 MP: 4/4
  1242 | D:2      | HP: 1/37 [gnoll/+0 spear (2)]
  1787 | D:2      | Reached skill level 1 in Dodging
  2037 | D:2      | Noticed Terence
  2050 | D:2      | Killed Terence
  2051 | D:2      | Reached XP level 5. HP: 24/43 MP: 5/5
  2394 | D:2      | Found a runed translucent door.
  2395 | D:2      | Noticed Crazy Yiuf
  2518 | D:2      | Killed Crazy Yiuf
  2856 | D:3      | Learned a level 1 spell: Magic Dart
  2958 | D:3      | Noticed a shapeshifter
  2958 | D:3      | a jackal changed into a shapeshifter
  2958 | D:3      | Noticed a salamander
  2958 | D:3      | a shapeshifter changed into a salamander
  2962 | D:3      | Noticed a yaktaur
  2962 | D:3      | a salamander changed into a yaktaur
  2963 | D:3      | Killed a yaktaur
  2964 | D:3      | Reached skill level 1 in Staves
  2964 | D:3      | Reached XP level 6. HP: 37/51 MP: 6/6
  3105 | D:3      | Found a faded altar of an unknown god.
  3343 | D:3      | Gained mutation: Your system is resistant to poisons.
                  | (rPois) [potion of mutation]
  3343 | D:3      | Gained mutation: You are clumsy. (Dex -2) [potion of
                  | mutation]
  3343 | D:3      | Gained mutation: Your body sometimes deteriorates upon
                  | taking damage. [potion of mutation]
  4220 | D:4      | Noticed a wyvern
  4232 | D:4      | Killed a wyvern
  4233 | D:4      | Reached skill level 2 in Staves
  4233 | D:4      | Gained mutation: You curl defensively after being hit.
                  | [Palentonga growth]
  4233 | D:4      | Reached XP level 7. HP: 23/57 MP: 7/7
  4497 | D:4      | Found Ososopru's Book Shop.
  4533 | D:4      | Found Duresiac's Antique Armour Shop.
  4536 | D:4      | Found Wukutza's Magic Scroll Emporium.
  4551 | D:4      | Reached skill level 3 in Staves
  4555 | D:4      | Bought a scroll of identify for 22 gold pieces
  4555 | D:4      | Bought a scroll of identify for 22 gold pieces
  4555 | D:4      | Bought a scroll of identify for 22 gold pieces
  4601 | D:4      | Found Buklommu's Jewellery Emporium.
  4899 | D:4      | Found Saiwka's Distillery.
  5020 | D:5      | Entered Level 5 of the Dungeon
  5315 | D:5      | Learned a level 2 spell: Passwall
  5405 | D:5      | Found a runed translucent door.
  5406 | D:5      | Noticed Sapher's ghost (weakling DDDe)
  5576 | D:5      | Killed Sapher's ghost
  5577 | D:5      | Reached skill level 4 in Staves
  5666 | D:5      | Reached XP level 8. HP: 65/65 MP: 8/8
  5772 | D:5      | Found an ornate altar of the Wu Jian Council.
  6104 | D:6      | Reached skill level 5 in Armour
  6262 | D:6      | Reached skill level 5 in Fighting
  6262 | D:6      | Reached skill level 5 in Staves
  6509 | D:6      | Reached skill level 6 in Staves
  6561 | D:6      | Noticed Prince Ribbit
  6596 | D:6      | Reached XP level 9. HP: 44/72 MP: 9/9
  6609 | D:6      | Killed Prince Ribbit
  6610 | D:6      | Reached skill level 7 in Staves
  6822 | D:6      | Found a glowing drain.
  7149 | D:6      | Identified the Disquisition on the Venomous Traveller
  7182 | D:6      | Found a staircase to the Ecumenical Temple.
  7967 | D:7      | Noticed a two-headed ogre
  7974 | D:7      | Killed a two-headed ogre
  7975 | D:7      | Reached skill level 8 in Staves
  7983 | D:7      | Identified the +1 quarterstaff of Checks and Balances
                  | {drain, Fragile rPois Will+++ Int-2}
  8563 | D:8      | Upgraded the game from 0.27-a0-1256-gced786f65e to
                  | 0.27-a0-1287-gca74d27db6
  8600 | D:8      | Reached XP level 10. HP: 63/81 MP: 10/10
  8956 | D:8      | Reached skill level 9 in Staves
  9236 | D:8      | Found a runed translucent gate.
  9243 | D:8      | Found a runed translucent gate.
  9243 | D:8      | Found a runed translucent gate.
  9243 | D:8      | Noticed sn0wgr3's ghost (novice GrFi)
  9276 | D:8      | HP: 1/80 [sn0wgr3's ghost (13)]
 10179 | D:8      | HP: 3/80 [something/ball of steam (4)]
 10187 | D:8      | Killed from afar by a steam dragon

Illustrated notes

Levels and vault maps discovered:
D:1:      lightli_molten_gateway, layout_loops_ring, hangedman_decor_points
D:2:      layout_rooms, serial_glass, glass_columns_a, glass_columns_a,
          glass_columns_a, glass_columns_b, glass_columns_b, glass_columns_a,
          uniq_crazy_yiuf_cottage, uniq_terence
D:3:      layout_basic, ebering_ecumenical_altar_sacrificial,
          kennysheep_generic_room_7
D:4:      minmay_angry_zag, layout_rooms, serial_shops, shop, shop, shop,
          nicolae_shop_crystal, kennysheep_little_box
D:5:      layout_basic, lemuel_crystal_altar, gammafunk_ghost_grave,
          patterned_corridor
D:6:      layout_basic, minmay_temple_entry_antechambers, portal_sewer_entry_a,
          minmay_puff, uniq_prince_ribbit1
D:7:      layout_rooms
D:8:      layout_loops_corners, gammafunk_ghost_necromancy,
          kennysheep_kite_vault

Skill      XL: |  1  2  3  4  5  6  7  8  9 10 |
---------------+-------------------------------+-----
Armour         | 3 4 5 6 7 |  7.1
Shields        | 3 |  3.9
Dodging        | 1 2 3 |  3.6
Short Blades   | 3 |  3.2
Staves         | 1 2 4 6 8 9 |  9.0
Fighting       | 4 5 6 |  6.6
Stealth        | |  0.2
Spellcasting   | |  0.6
Transmutations | |  0.3
Earth Magic    | |  0.5

Action                   |  1- 3 |  4- 6 |  7- 9 | 10-12 || total
-------------------------+-------+-------+-------+-------++-------
Melee: Rapier            |    75 |    55 |       |       ||   130
       Tailslap          |     8 |    15 |    24 |     8 ||    55
       Quarterstaff      |       |    73 |   255 |    72 ||   400
 Cast: Passwall          |       |       |     1 |       ||     1
 Abil: Rolling Charge    |     8 |     7 |    11 |     3 ||    29
Evoke: Wand              |       |       |       |     1 ||     1
  Use: Potion            |     1 |     5 |     4 |     5 ||    15
       Scroll            |       |     2 |     4 |    12 ||    18
 Stab: Confused          |       |       |     2 |       ||     2
Armor: Scale mail        |    61 |    98 |   138 |    87 ||   384
Dodge: Dodged            |    27 |    45 |    95 |    71 ||   238
Block: Kite shield       |    39 |    33 |       |       ||    72
       Other             |       |       |       |    37 ||    37

Table legend: (Time is in decaauts)
 A = Elapsed time spent in this place.
 B = Non-inter-level travel time spent in this place.
 C = Inter-level travel time spent in this place.
 D = Time resting spent in this place.
 E = Time spent auto-exploring this place.
 F = Levels seen in this place.
 G = Mean time per level.
                   A        B        C        D        E       F      G
               +--------+--------+--------+--------+--------+-----+--------+
         Total |  10209 |  10020 |    189 |   3156 |   3498 |   8 | 1276.1 |
       Dungeon |  10209 |  10020 |    189 |   3156 |   3498 |   8 | 1276.1 |
               +--------+--------+--------+--------+--------+-----+--------+

Top non-repeatable levels by time:
     D:8: 1872 daAuts
     D:2: 1754 daAuts
     D:6: 1441 daAuts
     D:3: 1391 daAuts
     D:1: 1102 daAuts
     D:5: 1072 daAuts
     D:4: 806 daAuts
     D:7: 768 daAuts
